 Dungeon Crawl Stone Soup version 0.22-a0-247-gbddf880 (webtiles) character file.

242 Serpenta the Sneak (level 6, -6/36 HPs)
             Began as an Octopode Ice Elementalist on Feb 26, 2018.
             Splashed by a jelly's acid (10 damage)
             ... on level 1 of the Abyss.
             The game lasted 00:09:52 (3719 turns).

Serpenta the Sneak (Octopode Ice Elementalist)      Turns: 3719, Time: 00:09:53

Health: -6/36      AC:  1    Str:  4 (7)  XL:     6   Next: 9%
Magic:  7/9        EV: 13    Int: 17 (18) God:
Gold:   238        SH:  0    Dex: 13 (14) Spells: 3/9 levels left

rFire    . . .     SeeInvis .   p - +1 dagger (venom)
rCold    . . .     Gourm    .   (no shield)
rNeg     . . .     Faith    .   (helmet restricted)
rPois    .         Spirit   .   (no amulet)
rElec    .         Reflect  .   m - ring of stealth
rCorr    .         Harm     .   (no ring)
MR       .....                  (no ring)
Stlth    +++++.....             (no ring)
HPRegen  0.12/turn              (no ring)
MPRegen  0.11/turn              (no ring)
                                (no ring)
                                (no ring)

@: no status effects
A: almost no armour, stealthy swim, amphibious, 8 rings, constrict 8, camouflage
1, gelatinous body 1
a: no special abilities


You were on level 1 of the Abyss.
You were not hungry.

You visited 1 branch of the dungeon, and saw 5 of its levels.
You visited the Abyss 1 time.

You collected 238 gold pieces.


Innate Abilities, Weirdness & Mutations

You cannot wear most types of armour.
You are very stealthy in the water. (Stealth+)
You are amphibious.
You can wear up to eight rings at the same time.
You can use your tentacles to constrict eight enemies at once.
Your skin changes colour to match your surroundings (Stealth+).
Your rubbery body absorbs attacks. (AC +1, EV +1)


   Skills:
 - Level 2.0 Dodging
 + Level 6.5 Stealth
 - Level 2.0 Spellcasting
 - Level 1.0 Conjurations
 + Level 5.1 Ice Magic


You had 3 spell levels left.
You knew the following spells:

 Your Spells              Type           Power        Failure   Level  Hunger
o - Ozocubu's Armour      Chrm/Ice       ##......     21%         3    ###....
A - Freeze                Ice            ###.         2%          1    #......
B - Throw Frost           Conj/Ice       ##....       9%          2    ###....

Action                   |  1- 3 |  4- 6 || total
-------------------------+-------+-------++-------
Melee: Dagger            |    39 |    38 ||    77
       Constrict         |    10 |     7 ||    17
       Tentacles         |     5 |     5 ||    10
       Mace              |       |     6 ||     6
Throw: Tomahawk          |     2 |     1 ||     3
 Cast: Freeze            |    22 |     9 ||    31
       Ozocubu's Armour  |       |     1 ||     1
  Use: Scroll            |     1 |     6 ||     7
       Potion            |       |     7 ||     7
 Stab: Sleeping          |    10 |    13 ||    23
  Eat: Chunk             |     2 |     6 ||     8
       Ration            |       |     1 ||     1
Armor: Skin              |     2 |     5 ||     7
Dodge: Dodged            |    34 |    27 ||    61

Inventory:

Hand Weapons
 o - a +1 dagger of venom
 p - a +1 dagger of venom (weapon)
 x - the +5 mace "Iqufam" {crush, MR+ Dex+4}
   (You found it on level 4 of the Dungeon)

   It inflicts extra damage upon your enemies.
   It affects your dexterity (+4).
   It affects your resistance to hostile enchantments.
Missiles
 d - 7 tomahawks (quivered)
 u - a throwing net
Jewellery
 m - a ring of stealth (left tentacle)
Wands
 h - a wand of iceblast (10)
Scrolls
 c - 2 scrolls of enchant armour
 j - a scroll of magic mapping {unknown}
 n - a scroll of enchant weapon {unknown}
 q - a scroll of noise {unknown}
 y - 2 scrolls of remove curse
Potions
 f - a potion of curing
 i - a potion of cancellation
 k - a potion of might
 r - a potion of heal wounds
 s - a potion of agility {unknown}
 v - a potion of brilliance
Comestibles
 a - 13 rations

.### ###
########### ....
♣.
.#.@J......#.....
#..####.#####...#
♣♣#..*#....#..
..# .#.#.#.......
. #. #.#..... ...
#.#...... ....
.#.#..#. ...#
#.#.###... #
#.#..#.....#


You could see a jelly.

Vanquished Creatures
  A bullfrog skeleton (D:4)
  Ijyb (D:4)
  2 worker ants (D:4)
  An orc wizard (D:4)
  A hound skeleton (D:4)
  3 adders
  An ooze (D:3)
  2 worms (D:2)
  A dart slug (D:1)
  A leopard gecko (D:4)
  2 orcs
  5 giant cockroaches
  10 goblins
  4 hobgoblins
  5 jackals (D:2)
  A quokka (D:2)
  6 bats
  2 frilled lizards
  8 kobolds
  A quokka skeleton (D:2)
  5 rats
63 creatures vanquished.

Vault maps used:
D:1:      dpeg_arrival_leaves_temple_mockup, corexii_leaking_fountain
D:2:      marbit_many_paths, minmay_guardbox
D:3:      amethyst_overflow_temple_binary, kennysheep_nub,
          minmay_three_crescents
D:4:      kb_forest_paths, eat_drink_and_be_merry_uskayaw, first_ration,
          uniq_ijyb, uniq_robin
D:5:      nicolae_qazlal_style_of_elements, kennysheep_little_box


Message History

Confirm with . or Enter, or press ? or * to list all spells.
Aiming: Freeze (safe; 2% risk of failure)
Press: ? - help, Shift-Dir - straight line, f - jelly
Aim: a jelly (hasn't noticed you)
You freeze the jelly.
The jelly quivers.
The jelly is lightly wounded.
The jelly hits you.
You are splashed with acid!
The acid burns!
* * * LOW HITPOINT WARNING * * *
Casting: Freeze (safe; 2% risk of failure)
Confirm with . or Enter, or press ? or * to list all spells.
Aiming: Freeze (safe; 2% risk of failure)
Press: ? - help, Shift-Dir - straight line, f/p - jelly
Aim: a jelly (lightly wounded)
You freeze the jelly.
The jelly is moderately wounded.
The jelly hits you.
* * * LOW HITPOINT WARNING * * *
You are splashed with acid!
The acid burns!
You die...

Notes
Turn   | Place    | Note
-------+----------+-------------------------------------------
     0 | D:1      | Serpenta the Octopode Ice Elementalist began the quest for the Orb.
     0 | D:1      | Reached XP level 1. HP: 11/11 MP: 3/3
    87 | D:1      | Reached skill level 3 in Stealth
   162 | D:1      | Reached XP level 2. HP: 16/17 MP: 1/5
   170 | D:1      | Learned a level 2 spell: Throw Frost
   758 | D:2      | Reached skill level 4 in Stealth
   758 | D:2      | Reached XP level 3. HP: 18/21 MP: 4/6
  1549 | D:2      | Found a shimmering altar of Xom.
  1607 | D:2      | Reached XP level 4. HP: 18/27 MP: 5/7
  1612 | D:2      | Learned a level 3 spell: Ozocubu's Armour
  2164 | D:3      | Reached skill level 5 in Stealth
  2205 | D:3      | Found an opulent altar of Gozag.
  2215 | D:3      | Found a glowing golden altar of the Shining One.
  2334 | D:4      | Noticed Amnesiac's ghost (novice DEEE)
  2368 | D:4      | Reached XP level 5. HP: 31/31 MP: 8/8
  2623 | D:4      | Reached skill level 6 in Stealth
  2646 | D:4      | Noticed a phantom
  2692 | D:4      | Noticed Ijyb
  2700 | D:4      | Killed Ijyb
  2705 | D:4      | Found a hide-covered altar of Uskayaw.
  2716 | D:4      | Reached skill level 5 in Ice Magic
  2716 | D:4      | Reached XP level 6. HP: 30/36 MP: 4/9
  2822 | D:4      | Got a slimy mace
  2828 | D:4      | Identified the +5 mace "Iqufam" {crush, MR+ Dex+4} (You found it on level 4 of the Dungeon)
  3201 | D:5      | Entered Level 5 of the Dungeon
  3218 | D:5      | Cast into level 1 of the Abyss (a distortion unwield)
  3259 | Abyss:1  | Noticed an ancient zyme
  3262 | Abyss:1  | Noticed a smoke demon
  3610 | Abyss:1  | Noticed a large abomination
  3611 | Abyss:1  | Noticed a raiju
  3618 | Abyss:1  | Noticed an orange demon
  3618 | Abyss:1  | Noticed a raiju
  3619 | Abyss:1  | Noticed a raiju
  3621 | Abyss:1  | Noticed a raiju
  3621 | Abyss:1  | Noticed a large abomination
  3622 | Abyss:1  | Noticed a neqoxec
  3622 | Abyss:1  | Noticed a large abomination
  3623 | Abyss:1  | Noticed a large abomination
  3623 | Abyss:1  | Noticed a raiju
  3626 | Abyss:1  | Noticed a worldbinder
  3628 | Abyss:1  | Noticed a cyan very ugly thing
  3657 | Abyss:1  | Noticed a large abomination
  3662 | Abyss:1  | Noticed a ynoxinul
  3676 | Abyss:1  | Noticed a cyan very ugly thing
  3695 | Abyss:1  | Noticed an ancient zyme
  3717 | Abyss:1  | Noticed a wretched star
  3719 | Abyss:1  | Splashed by a jelly's acid
